 Dungeon Crawl Stone Soup version 0.16-a0-2653-gf29606e (webtiles) character file.

151 Fiveotanaka the Conjurer (level 5, -1/31 HPs)
             Began as an Octopode Conjurer on Nov 23, 2014.
             Killed from afar by an orc wizard (10 damage)
             ... with a puff of flame
             ... on level 3 of the Dungeon.
             The game lasted 00:12:05 (3001 turns).

Fiveotanaka the Conjurer (Octopode Conjurer)        Turns: 3001, Time: 00:12:05

Health: -1/31      AC:  1    Str:  8    XL:     5   Next: 33%
Magic:  4/13       EV: 12    Int: 18    God:
Gold:   131        SH:  0    Dex: 12    Spells: 3 memorised, 5 levels left

rFire  . . .     SeeInvis .     k - +0 mace
rCold  . . .     Clarity  .     (no shield)
rNeg   + . .     SustAb   .     (helmet restricted)
rPois  .         Gourm    .     (no amulet)
rElec  .         Spirit   .     e - ring of wizardry
rCorr  .         Warding  .     j - ring of positive energy
rMut   .         Stasis   .     d - ring of stealth
MR     .....                    (no ring)
Stlth  +++++.....               (no ring)
                                (no ring)
                                (no ring)
                                (no ring)

@: not resistant to hostile enchantments, quite stealthy
A: almost no armour, amphibious, 8 rings, constrict 8, camouflage 1, gelatinous
body 1
a: no special abilities


You were on level 3 of the Dungeon.
You were not hungry.

You visited 1 branch of the dungeon, and saw 3 of its levels.

You collected 131 gold pieces.

Inventory:

Hand weapons
 k - a +0 mace (weapon)
 t - a +0 blowgun
Missiles
 h - 84 stones (quivered)
 s - 2 poisoned needles
Jewellery
 d - a ring of stealth (on tentacle)
 e - a ring of wizardry (left tentacle)
 j - a ring of positive energy (right tentacle)
Scrolls
 a - a scroll of random uselessness {unknown}
 i - a scroll of remove curse
 l - a scroll of enchant armour {unknown}
 m - a scroll of teleportation {unknown}
 p - a scroll of recharging {unknown}
 r - a scroll of identify {unknown}
 v - 3 scrolls of enchant weapon {unknown}
Potions
 f - a potion of curing {unknown}
 n - a potion of confusion {unknown}
 q - a potion of resistance {unknown}
 u - a potion of might {unknown}
 x - a potion of poison {unknown}
Books
 c - a book of Conjurations

   Spells                             Type                      Level
   *Magic Dart                        Conjuration                  1
   *Searing Ray                       Conjuration                  2
   Dazzling Spray                     Conjuration/Hexes            3
   Fulminant Prism                    Conjuration/Hexes            4
   *Iskenderun's Mystic Blast         Conjuration                  4
   Iskenderun's Battlesphere          Conjuration/Charms           5
Comestibles
 b - 5 bread rations
 g - 6 fruits
 o - a chunk of flesh
 w - a slice of pizza


   Skills:
 - Level 2.0 Dodging
 * Level 4.2 Stealth
 + Level 4.1 Spellcasting
 * Level 4.3 Conjurations


You had 5 spell levels left.
You knew the following spells:

 Your Spells              Type           Power        Failure   Level  Hunger
a - Magic Dart            Conj           ###.         1%          1    None
b - Searing Ray           Conj           ###...       1%          2    ##.....
c - Iskenderun's Mystic   Conj           ###.....     12%         4    ####...


Dungeon Overview and Level Annotations

Branches:
Dungeon (3/15)

Altars:
Ru


Innate Abilities, Weirdness & Mutations

You cannot wear most types of armour.
You are amphibious.
You can wear up to eight rings at the same time.
You can use your tentacles to constrict many enemies at once.
Your skin changes colour to match your surroundings (Stealth).
Your rubbery body absorbs attacks (AC +1).


Message History

You kill the kobold!
The searing ray hits the orc wizard.
The orc wizard is moderately wounded.
The orc wizard points at you and mumbles some strange words.
You resist with some effort.
Casting: Searing Ray
Confirm with . or Enter, or press ? or * to list all spells.
Aiming: Searing Ray
Press: ? - help, Shift-Dir - straight line, f/p - orc wizard
Aim: an orc wizard, wielding a dagger and wearing a robe (moderately wounded)
The searing ray hits the orc wizard.
The orc wizard is severely wounded.
The orc wizard casts a spell at you. The puff of flame hits you!
* * * LOW HITPOINT WARNING * * *
The searing ray hits the orc wizard.
The orc wizard is almost dead.
The orc wizard gestures at you while chanting.
The puff of flame hits you!
You die...

..............................>##
.†.#.########....##).............
.....# .....#.##....###.######
###### ####.#.##...†....#
..#..#...####.# ...###.o#...# #.#
.Ko.'....##+#####.# ##..#.......#
#@..........# #...........#
#(..........# #...........#
#...........# #...........#
#####..####.# ##.# #.# #.. #.#


You could see an orc wizard.

Vanquished Creatures
  3 adders
  4 gnolls (D:2)
  2 worms (D:2)
  A giant gecko (D:2)
  An ooze (D:1)
  An orc (D:3)
  3 giant cockroaches
  10 hobgoblins
  13 jackals (D:2)
  8 kobolds
  A quokka (D:2)
  5 bats
  2 giant newts
  6 goblins
  7 rats
67 creatures vanquished.

Vanquished Creatures (others)
  A fungus (D:2)
1 creature vanquished.

Grand Total: 68 creatures vanquished

Notes
Turn   | Place    | Note
--------------------------------------------------------------
     0 | D:1      | Fiveotanaka, the Octopode Conjurer, began the quest for the Orb.
     0 | D:1      | Reached XP level 1. HP: 11/11 MP: 3/3
   269 | D:1      | Reached XP level 2. HP: 17/17 MP: 3/5
   535 | D:1      | Learned a level 2 spell: Searing Ray
   799 | D:2      | Reached XP level 3. HP: 21/21 MP: 0/7
   835 | D:2      | Found a sacrificial altar of Ru.
  1693 | D:2      | Reached XP level 4. HP: 23/27 MP: 5/10
  2160 | D:2      | Reached XP level 5. HP: 22/31 MP: 5/13
  2729 | D:3      | Learned a level 4 spell: Iskenderun's Mystic Blast
  3001 | D:3      | Killed from afar by an orc wizard

Action                   |  1- 3 |  4- 6 || total
-------------------------+-------+-------++-------
Melee: Unarmed           |     6 |       ||     6
       Mace              |     3 |     8 ||    11
Throw: Stone             |     4 |     1 ||     5
 Cast: Magic Dart        |    72 |    67 ||   139
       Searing Ray       |     2 |     8 ||    10
  Use: Scroll            |       |     1 ||     1
  Eat: Chunk             |     2 |     5 ||     7
